 Dungeon Crawl Stone Soup version 0.17-a0-1636-g3119f2b (webtiles) character file.

1935846 Kolbur the Fencer (level 26, 185/185 HPs)
             Began as a Human Fighter on July 29, 2015.
             Was the Champion of Yredelemnul.
             Escaped with the Orb
             ... and 3 runes on Aug 5, 2015!
             The game lasted 16:39:20 (48691 turns).

Kolbur the Fencer (Human Fighter)                  Turns: 48691, Time: 16:39:20

Health: 185/185    AC: 42    Str: 20    XL:     26   Next: 56%
Magic:  35/36      EV: 24    Int: 11    God:    Yredelemnul [******]
Gold:   4390       SH: 17    Dex: 21    Spells: 9 memorised, 6 levels left

rFire  + . .     SeeInvis .     a - +9 demon blade (freeze)
rCold  + . .     Clarity  .     J - +10 scale mail of Midwinter {+Inv Dex+4}
rNeg   . . .     SustAt   .     l - +2 shield of Resistance {rF+ rC+ MR+}
rPois  +         Gourm    .     O - +2 helmet
rElec  .         Spirit   .     p - +1 cloak {rPois}
rCorr  .         Warding  .     I - +2 pair of gloves
rMut   .         Stasis   .     B - +2 pair of boots
MR     +++..                    r - amulet of regeneration
Stlth  ..........               Q - ring of Robustness {AC+8}
                                w - ring of wizardry

@: wreathed by umbra, deflect missiles, extremely resistant to hostile
enchantments, extremely unstealthy
A: hooves 1, clumsy 1, frail 1, magic resistance 1, screaming 1
a: Animate Dead, Recall Undead Slaves, Injury Mirror, Drain Life, Enslave Soul,
Renounce Religion, Evoke Invisibility
0: Orb of Zot
}: 3/15 runes: decaying, serpentine, slimy


You escaped.
You worshipped Yredelemnul.
Yredelemnul was exalted by your worship.
You were not hungry.

You visited 11 branches of the dungeon, and saw 59 of its levels.
You also visited: Ossuary, Ice Cave, Volcano and Wizlab.

You collected 6198 gold pieces.
You spent 1697 gold pieces at shops.

Inventory:

Hand weapons
 a - a +9 demon blade of freezing (weapon)
 b - the +7 rapier of Honour {drain, +Rage +Fly rElec Int+7}
   (You found it on level 7 of the Dungeon)

   A truly terrible weapon, it drains the life of those it strikes.
   It affects your intelligence (+7).
   It insulates you from electricity.
   It lets you fly.
   It lets you go berserk.
 c - a +9 double sword of slicing
Missiles
 z - 14 javelins (quivered)
 D - 4 throwing nets
Armour
 l - the +2 shield of Resistance (worn) {rF+ rC+ MR+}
   (You found it on level 3 of the Elven Halls)

   It protects you from fire.
   It protects you from cold.
   It affects your resistance to hostile enchantments.
 p - a +1 cloak of poison resistance (worn)
 B - a +2 pair of boots (worn)
 I - a +2 pair of gloves (worn)
 J - the +10 scale mail of Midwinter (worn) {+Inv Dex+4}
   (You found it on level 4 of the Swamp)

   It affects your dexterity (+4).
   It lets you turn invisible.
 O - a +2 helmet (worn)
Jewellery
 f - an uncursed ring of protection from fire
 m - an uncursed amulet of resist mutation
 q - an uncursed ring of protection from magic
 r - an amulet of regeneration (around neck)
 s - a +5 ring of evasion
 w - a ring of wizardry (left hand)
 K - an uncursed ring of see invisible
 Q - the ring of Robustness (right hand) {AC+8}
   (You found it on level 6 of the Pits of Slime)

   [ring of protection]

   It affects your AC (+8).
 X - an uncursed amulet of warding
Magical devices
 g - a wand of teleportation (4)
 h - a wand of invisibility (4)
 v - a wand of digging (5)
 M - a wand of paralysis (11)
 T - a wand of cold (7)
 V - a wand of digging (8)
 Z - a wand of paralysis (16)
Scrolls
 i - 11 scrolls of recharging
 k - 16 scrolls of teleportation
 o - 5 scrolls of fear
 y - 5 scrolls of blinking
 F - 2 scrolls of summoning
 L - 7 scrolls of fog
 S - 2 scrolls of identify
 Y - 14 scrolls of remove curse
Potions
 d - 3 potions of might
 j - 7 potions of heal wounds
 t - 4 potions of brilliance
 u - 3 potions of haste
 x - 5 potions of berserk rage
 A - a potion of agility
 G - a potion of resistance
 N - 17 potions of curing
 P - 3 potions of ambrosia
Miscellaneous
 R - a phantom mirror
 U - a phial of floods (inert)
 W - a lamp of fire
Comestibles
 e - 9 bread rations
 C - 33 fruits


   Skills:
 + Level 16.7 Fighting
 - Level 4.1(12.0) Short Blades
 + Level 16.8(17.0) Long Blades
 - Level 15.4 Armour
 + Level 16.4 Dodging
 - Level 15.0 Shields
 + Level 9.4 Spellcasting
 - Level 7.0 Hexes
 - Level 13.0 Charms
 - Level 4.0 Necromancy
 - Level 11.0 Translocations
 - Level 8.0 Air Magic
 - Level 8.0 Invocations
 - Level 10.0 Evocations


You had 6 spell levels left.
You knew the following spells:

 Your Spells              Type           Power        Failure   Level  Hunger
a - Apportation           Tloc           ####......   1%          1    None
b - Blink                 Tloc           N/A          1%          2    None
g - Passage of Golubria   Tloc           N/A          1%          4    ####...
h - Haste                 Chrm           ####....     10%         6    #######
m - Deflect Missiles      Chrm/Air       ####......   36%         6    #######
p - Phase Shift           Tloc           ####......   4%          5    #####..
r - Regeneration          Chrm/Necr      ###.......   1%          3    ##.....
s - Silence               Hex/Air        ###.......   16%         5    #####..
w - Warp Weapon           Chrm/Tloc      ####......   3%          5    #####..


Dungeon Overview and Level Annotations

Branches:
Dungeon (15/15)            Temple (1/1) D:5            Lair (8/8) D:10
  Swamp (4/4) Lair:4        Snake (4/4) Lair:4        Slime (6/6) Lair:6
    Orc (4/4) D:12            Elf (3/3) Orc:4        Vaults (4/5) D:14
  Crypt (0/3) Vaults:2     Depths (5/5) D:15            Zot (5/5) Depths:5

Altars:
Ashenzari
Dithmenos
Elyvilon
Fedhas
Gozag
Kikubaaqudgha
Makhleb
Nemelex Xobeh
Okawaru
Qazlal
Ru
Sif Muna
Trog
Vehumet
Xom
Yredelemnul
Zin
The Shining One
Beogh

Shops:
D:9 :   Orc:3 [   Orc:4 (**?   Elf:1 (   Depths:2 (

Portals:
Pandemonium: Depths:3 Depths:4
Ziggurat: Depths:1
Trove: Elf:1 (give wand of heal wounds (8))

Annotations:
D:4 Sigmund
Depths:1 exclusion: orange crystal statue


Innate Abilities, Weirdness & Mutations

You have large cloven feet.
You are clumsy. (Dex -2)
You are frail (-10% HP).
You are resistant to hostile enchantments.
You occasionally shout uncontrollably at your foes.


Message History

There is a stone staircase leading down here.
You swap places.
Evoke which item? (* to show all) (? for menu, Esc to quit)
Zapping:
v - a wand of digging (6)
Press: ? - help, Shift-Dir - straight line The rock shatters into small pieces.
This wand has 5 charges left.
Unknown command.
Put on which piece of jewellery? (? for menu, Esc to quit)
You remove your amulet of resist mutation.
r - an amulet of regeneration (around neck) Unknown command.
Use which ability? (? or * to list)
You begin recalling your allies.
You feel slightly more hungry.
Your profane servitor is recalled.
Your ghoul is recalled.
Your ghoul is recalled.
Your skeletal warrior is recalled.
You finish recalling your allies.
You swap places.
You swap places.
There is a staircase leading out of the dungeon here.
You have escaped!

#.#.#.# #.## #.# ##### #.#.#.#
#..# #.##############
#.#.#.#######..# #..)............
#.#............###.##############
..###.########.#.................
..'..........#.#.###.############
..###..........#.................
..# #..........#######.##########
..# #..........#@nAAnz...........
..# #..........#########.########
### #........#.........)..>......
#........#####.##############
#........# #.# #........# #.#
########## #.# #.# #.#


You could see 2 friendly profane servitors, 2 friendly ghouls and a friendly
skeletal warrior.

Vanquished Creatures
  7 ancient liches
  2 orbs of fire (Zot:5)
  Sojobo (Vaults:3)
  A Killer Klown (Zot:5)
  A golden dragon (Zot:1)
  2 electric golems (Zot:5)
  2 tentacled monstrosities
  The ghost of Duffy the Destroyer, a mighty DrFE of Sif Muna (WizLab)
  2 deep elf blademasters
  20 Orb Guardians (Zot:5)
  2 deep elf master archers (Elf:3)
  14 acid blobs
  3 tengu reavers (Vaults:3)
  Agnes (Elf:2)
  A shadow dragon (Zot:1)
  A sphinx (Depths:2)
  Kirke (Snake:2)
  2 storm dragons
  4 azure jellies
  A draconian monk (Zot:1)
  Wiglaf (Vaults:4)
  3 greater nagas
  A draconian knight (Depths:5)
  2 deep elf sorcerers (Elf:3)
  A fire giant (Vaults:3)
  A ghost moth (Zot:5)
  7 vault wardens
  A draconian scorcher (Zot:3)
  A very ugly thing (Vaults:3)
  3 stone giants
  4 ironheart preservers
  5 ettins
  A draconian caller (Zot:3)
  7 deep elf demonologists
  A black draconian (Zot:1)
  2 mottled draconians
  A green draconian (Zot:3)
  4 yellow draconians
  A purple draconian (Zot:2)
  2 white draconians (Zot:5)
  An eidolon (Vaults:2)
  10 deep elf annihilators (Elf:3)
  4 deep elf death magi (Elf:3)
  3 vault guards (D:14)
  4 great orbs of eyes
  6 yaktaur captains
  8 fire dragons
  2 death cobs (Zot:5)
  6 ice dragons
  6 naga warriors
  2 entropy weavers
  2 rakshasas
  7 hydras
  4 ogre magi
  Erica (D:8)
  7 anacondas
  3 alligators
  8 dancing weapons (Elf:2)
  7 centaur warriors
  7 death yaks
  4 deep troll earth magi (Vaults:2)
  2 spriggan berserkers (Depths:4)
  2 deep troll shamans (Vaults:2)
  2 tengu warriors
  A vampire mage (Vaults:2)
  A queen ant (Lair:4)
  2 thrashing horrors (WizLab)
  2 shock serpents (Snake:4)
  2 naga sharpshooters (Snake:4)
  8 deep elf knights
  2 fire crabs
  2 shadow wraiths
  3 spriggans
  3 salamander mystics
  2 giant orange brains (Vaults:3)
  A flayed ghost (Vaults:3)
  An unseen horror (D:12)
  A gelid demonspawn (Depths:4)
  13 deep elf summoners
  2 deep trolls (Vaults:2)
  3 naga ritualists
  2 ice statues (IceCv)
  9 ironbrand convokers
  A hill giant (D:14)
  3 shambling mangroves (Swamp:3)
  6 wizards
  14 orc knights
  A harpy (Vaults:2)
  3 necromancers
  5 shining eyes
  5 cyclopes
  2 mana vipers
  An orc sorcerer (Vaults:1)
  An anaconda skeleton (WizLab)
  A lindwurm (Volcano)
  12 deep elf conjurers
  3 oklob plants (Lair:6)
  2 griffons
  A hornet (Swamp:3)
  11 ugly things
  68 slime creatures
  4 salamanders
  10 elephants
  3 wolf spiders
  17 black mambas
  6 moths of wrath
  3 guardian serpents
  A hornet (shapeshifter) (Vaults:1)
  8 vault sentinels
  3 eyes of devastation
  A fire giant skeleton (Depths:3)
  9 spiny frogs
  2 gargoyles
  2 worldbinders (WizLab)
  18 naga magi
  A sixfirhy (Depths:4)
  A molten gargoyle (Lair:3)
  An orange demon (WizLab)
  An efreet (WizLab)
  6 fire drakes
  An elf skeleton (Depths:3)
  A tormentor (Depths:4)
  2 kobold demonologists (Vaults:1)
  19 yaktaurs
  A red devil (Depths:4)
  8 komodo dragons
  8 deep elf priests
  A polar bear (shapeshifter) (Elf:3)
  4 polar bears
  An ancient zyme (WizLab)
  A tengu conjurer (D:13)
  A troll (shapeshifter) (Vaults:4)
  A golden dragon simulacrum (Depths:3)
  3 giant leeches
  4 freezing wraiths
  15 two-headed ogres
  A queen bee (shapeshifter) (Vaults:4)
  6 trolls
  3 bog bodies
  22 blink frogs
  2 boulder beetles
  3 human simulacra
  5 wyverns
  A tarantella (Depths:4)
  A trapdoor spider (D:12)
  A redback (Depths:2)
  2 yaks (shapeshifter)
  3 hippogriffs
  14 deep elf magi
  An air elemental (WizLab)
  24 deep elf fighters
  17 orc warriors
  2 wraiths
  A hog (shapeshifter) (D:15)
  2 ynoxinuls (WizLab)
  Eustachio (D:6)
  A water elemental (WizLab)
  31 yaks
  3 hungry ghosts
  7 fire bats (Volcano)
  A chaos spawn (WizLab)
  7 golden eyes
  13 vampire mosquitoes
  8 wolves
  2 insubstantial wisps
  A mottled dragon (D:14)
  2 spatial vortices (WizLab)
  8 wargs
  15 soldier ants
  8 swamp worms
  5 hydra simulacra (Swamp:4)
  3 small abominations (WizLab)
  10 water moccasins
  7 ice beasts (IceCv)
  5 porcupines
  18 nagas
  7 wasps
  An eye of draining (shapeshifter) (Vaults:3)
  3 phantoms
  3 boggarts
  40 ogres
  2 black bears
  A human zombie (Vaults:3)
  An anubis guard skeleton (WizLab)
  3 sky beasts
  A big kobold (Vaults:1)
  3 eyes of draining
  16 centaurs
  13 crocodiles
  A brain worm (D:15)
  A gnoll sergeant (D:6)
  25 giant frogs
  3 scorpions
  3 water moccasin zombies (Ossuary)
  A wight (D:7)
  A wyvern skeleton (D:14)
  A killer bee (D:14)
  A quasit (D:12)
  An electric eel (D:15)
  3 giant frog zombies
  4 crimson imps
  24 orc priests
  A centaur zombie (D:11)
  3 giant frog skeletons
  15 jellies
  4 lava snakes (Lair:3)
  4 hounds
  13 iguanas
  2 centaur skeletons (D:10)
  15 orc wizards
  21 worker ants
  13 sheep
  5 big kobold zombies (Ossuary)
  2 hound skeletons
  2 mummies (Ossuary)
  A worker ant zombie (D:5)
  18 adders
  9 gnolls
  7 shadow imps
  35 river rats
  3 swamp drake simulacra (Swamp:4)
  An ooze (D:2)
  3 adder zombies (Ossuary)
  2 adder skeletons
  2 worms
  4 giant geckos
  109 orcs
  A bat skeleton (D:8)
  A bat zombie (D:5)
  3 gnoll zombies (Ossuary)
  10 hobgoblins
  26 kobolds
  4 quokkas
  7 bats
  2 giant cockroaches
  9 giant newts
  12 goblins
  3 hobgoblin zombies (Ossuary)
  12 jackals
  4 kobold zombies (Ossuary)
  5 orc zombies (Ossuary)
  A quokka skeleton (D:4)
  10 rats
  A briar patch (Swamp:2)
  2 crawling corpses (Elf:3)
  A fungus (Lair:6)
  A plant (Lair:8)
1433 creatures vanquished.

Vanquished Creatures (collateral kills)
  the royal jelly (Slime:6)
  An orb of fire (Zot:5)
  Saint Roka (Vaults:4)
  Vashnia (Snake:3)
  A Killer Klown (Zot:4)
  A curse toe (Zot:1)
  2 golden dragons (Zot:5)
  Nikola (Snake:4)
  A bone dragon (Depths:5)
  A large abomination (Elf:3)
  An electric golem (Zot:5)
  Jorgrun (Swamp:2)
  A lich (Vaults:3)
  A tentacled monstrosity (Zot:5)
  Rupert (D:15)
  2 Orb Guardians (Zot:5)
  Asterion (Snake:3)
  6 acid blobs
  Gastronok (Orc:1)
  3 thorn hunters
  3 storm dragons
  A revenant (Vaults:2)
  Roxanne (Snake:3)
  A draconian monk (Zot:1)
  8 greater nagas
  Donald (Vaults:4)
  The ghost of nuthulu the Warrior, a mighty GrFi of Okawaru (D:13)
  2 frost giants (Vaults:4)
  A vault warden (Vaults:4)
  A draconian knight (Zot:1)
  A deep elf sorcerer (Elf:3)
  Aizul (Swamp:1)
  The ghost of Chiseanne the Protected, a powerful DsWn of Kikubaaqudgha (Snake:1)
  A draconian shifter (Zot:2)
  A draconian annihilator (Zot:1)
  3 ironheart preservers
  2 stone giants
  4 very ugly things
  A deep elf demonologist (Elf:3)
  3 mottled draconians
  5 black draconians
  A green draconian (Depths:5)
  A red draconian (Zot:5)
  3 deep elf annihilators
  3 white draconians
  5 ettins
  A purple draconian (Zot:1)
  Snorg (Orc:2)
  5 vault guards (D:14)
  7 fire dragons
  2 deep elf high priests (Elf:3)
  3 yaktaur captains
  2 great orbs of eyes
  A rakshasa (Vaults:2)
  The ghost of asdu the Severer, a powerful MiBe of Trog (Lair:5)
  12 hydras
  3 ice dragons
  12 naga warriors
  4 anacondas
  A monstrous demonspawn (Zot:1)
  Erolcha (Orc:3)
  5 catoblepae
  13 alligators
  6 dancing weapons (Elf:2)
  5 centaur warriors
  6 ogre magi
  10 death yaks
  4 shock serpents
  5 naga sharpshooters
  A spriggan berserker (Depths:4)
  An ice devil (Zot:1)
  9 harpies
  2 salamander mystics (Snake:4)
  A shadow wraith (Vaults:3)
  10 deep elf knights
  7 deep trolls
  A fire crab (Lair:7)
  6 swamp dragons
  8 naga ritualists (Snake:4)
  3 shambling mangroves
  4 deep elf summoners
  A wizard (Vaults:3)
  4 ironbrand convokers
  4 spriggan druids
  19 ugly things
  4 hill giants
  A wolf spider (Vaults:4)
  6 orc knights
  A griffon (Lair:3)
  4 deep elf conjurers
  10 mana vipers
  28 slime creatures
  2 manticores (D:14)
  3 human zombies
  11 black mambas
  A centaur zombie (D:14)
  An orc sorcerer (Orc:2)
  A vault sentinel (Vaults:1)
  11 naga magi
  An octopode (shapeshifter) (D:15)
  4 moths of wrath
  5 salamanders
  11 elephants
  A stone giant skeleton (Depths:1)
  2 cyclopes
  A gargoyle (D:12)
  A guardian serpent (Snake:4)
  9 spiny frogs
  2 kobold demonologists (Vaults:2)
  A molten gargoyle (Lair:3)
  A centaur skeleton (D:15)
  12 yaktaurs
  9 two-headed ogres
  4 freezing wraiths
  4 komodo dragons
  A tengu conjurer (Depths:4)
  6 trolls (Orc:4)
  A fire drake (Lair:7)
  6 deep elf priests
  7 giant leeches
  7 bog bodies
  A stone giant simulacrum (Vaults:3)
  An ettin zombie (Vaults:3)
  6 blink frogs
  4 boulder beetles
  A shadow (Swamp:4)
  2 wraiths
  A trapdoor spider (shapeshifter) (Vaults:1)
  A trapdoor spider (D:14)
  8 spriggans
  A wyvern (D:7)
  A human (shapeshifter) (D:15)
  17 yaks
  9 deep elf magi
  18 deep elf fighters
  3 hippogriffs
  2 hogs (Snake:2)
  15 vampire mosquitoes
  2 basilisks
  3 swamp worm simulacra (Swamp:4)
  4 wargs
  13 wolves
  13 insubstantial wisps
  A water moccasin (Lair:5)
  11 swamp worms
  6 soldier ants (Lair:4)
  26 nagas
  12 hydra simulacra (Swamp:4)
  A porcupine (Lair:3)
  14 orc warriors
  8 swamp drakes
  9 wasps
  An ice beast (D:14)
  4 centaurs
  A boggart (D:15)
  25 ogres
  A wasp (shapeshifter) (Vaults:3)
  A brain worm (shapeshifter) (Vaults:4)
  An elf skeleton (Vaults:1)
  3 big kobolds (Vaults:2)
  8 crocodiles
  6 giant frogs
  2 gnoll sergeants (D:7)
  2 killer bees (D:14)
  An electric eel (D:14)
  A lava snake (Lair:3)
  A crimson imp (D:9)
  14 orc wizards
  10 orc priests
  A giant frog skeleton (D:12)
  2 jellies
  2 iguanas
  6 worker ants
  4 sheep (Orc:1)
  17 river rats
  An adder (D:12)
  2 swamp drake simulacra (Swamp:4)
  An adder skeleton (D:10)
  4 giant geckos
  81 orcs
  A hobgoblin (D:11)
  A jackal (D:9)
  2 giant newts (Lair:2)
  A kobold (Vaults:2)
  12 briar patches
  A crawling corpse (Elf:3)
  40 fungi
  47 plants
978 creatures vanquished.

Vanquished Creatures (others)
  A profane servitor (Swamp:4)
  6 bone dragons
  4 ghouls
  A Killer Klown zombie (Zot:5)
  13 death cobs
  An unseen horror (Vaults:1)
  9 skeletal warriors
  A golden dragon zombie (Zot:1)
  7 flayed ghosts
  4 anaconda zombies
  9 phantasmal warriors
  An ugly thing zombie (Vaults:3)
  A wolf spider zombie (Vaults:2)
  A black mamba (Snake:4)
  A stone giant zombie (Vaults:3)
  A shock serpent zombie (Snake:4)
  An octopode (shapeshifter) (D:15)
  A black draconian zombie (Zot:1)
  A white draconian zombie (Zot:5)
  3 harpy zombies (Vaults:2)
  A ghoul skeleton (Zot:5)
  7 moth of wrath zombies
  An ettin zombie (Depths:1)
  2 guardian serpent zombies (Snake:4)
  3 alligator zombies
  A fire dragon zombie (Zot:1)
  A wraith (Lair:8)
  A spriggan (Swamp:2)
  14 flying skulls
  6 black mamba zombies
  5 vampires
  A giant leech zombie (Swamp:4)
  A human (Snake:2)
  2 deep troll zombies (Vaults:2)
  2 deep elf fighters
  A gelid demonspawn zombie (Depths:4)
  A spiny frog zombie (Lair:2)
  A swamp drake (Swamp:2)
  An elephant zombie (Lair:5)
  3 human zombies
  2 ogres
  2 blink frog zombies
  2 salamander zombies (Snake:4)
  7 yaktaur zombies
  A cyclops zombie (Vaults:2)
  3 wyvern zombies
  2 elf skeletons (D:7)
  2 water moccasin zombies
  A warg zombie (Vaults:4)
  2 spriggan zombies (Swamp:4)
  7 yak zombies
  8 wolf zombies
  10 soldier ant zombies (Lair:4)
  2 giant frog zombies
  2 centaur zombies (Vaults:1)
  9 elf zombies
  2 two-headed ogre zombies
  A black bear zombie (D:12)
  A wight (Lair:2)
  A human skeleton (D:7)
  2 porcupine zombies
  A crocodile zombie (Lair:2)
  A sky beast zombie (D:6)
  7 ogre zombies
  14 naga zombies
  A hound zombie (D:10)
  A mummy (Lair:3)
  7 worker ant zombies (Lair:4)
  3 adder zombies
  32 orc zombies
  2 iguana zombies
  4 orc skeletons
  An orc (D:12)
  5 gnoll zombies
  A giant gecko zombie (Lair:2)
  A hobgoblin zombie (D:11)
  A jackal zombie (D:8)
  2 kobold zombies
  12 river rat zombies
  3114 eldritch tentacle segments (WizLab)
  10 fungi
  10 plants
3421 creatures vanquished.

Grand Total: 5832 creatures vanquished

Notes
Turn   | Place    | Note
--------------------------------------------------------------
     0 | D:1      | Kolbur the Human Fighter began the quest for the Orb.
     0 | D:1      | Reached XP level 1. HP: 18/18 MP: 1/1
   376 | D:2      | Found an opulent altar of Gozag.
   393 | D:2      | Reached XP level 2. HP: 24/24 MP: 2/2
   927 | D:2      | Reached XP level 3. HP: 22/29 MP: 3/3
  1236 | D:2      | Found a stormy altar of Qazlal.
  1308 | D:2      | Reached XP level 4. HP: 27/35 MP: 4/4
  1426 | D:2      | Reached skill level 4 in Long Blades
  2039 | D:3      | Found a sacrificial altar of Ru.
  2148 | D:3      | Reached XP level 5. HP: 37/41 MP: 5/5
  2318 | D:3      | Reached skill level 5 in Long Blades
  2810 | D:4      | Reached XP level 6. HP: 41/47 MP: 6/6
  2843 | D:4      | Noticed Sigmund
  2979 | D:4      | Reached skill level 6 in Long Blades
  3075 | D:4      | Noticed a phantom
  3116 | D:4      | Killed a phantom
  3349 | D:4      | Reached XP level 7. HP: 52/52 MP: 7/7
  3413 | D:5      | Entered Level 5 of the Dungeon
  3506 | D:5      | Reached skill level 7 in Long Blades
  3805 | D:5      | Found a staircase to the Ecumenical Temple.
  3823 | Temple   | Entered the Ecumenical Temple
  3828 | Temple   | Became a worshipper of Yredelemnul the Dark
  3991 | D:4      | Reached XP level 8. HP: 45/58 MP: 8/8
  4242 | D:5      | Acquired Yredelemnul's first power
  4329 | D:5      | Reached skill level 8 in Long Blades
  4824 | D:6      | Found a sand-covered staircase.
  4857 | Ossuary  | Entered an ossuary
  5191 | Ossuary  | Reached skill level 5 in Fighting
  5295 | Ossuary  | Reached XP level 9. HP: 63/68 MP: 9/9
  5395 | Ossuary  | Gained mutation: You can breathe flames. [potion of beneficial mutation]
  5396 | Ossuary  | Gained mutation: You have large cloven feet. [potion of beneficial mutation]
  5451 | D:6      | Reached skill level 9 in Long Blades
  5483 | D:6      | Found an ancient bone altar of Kikubaaqudgha.
  6144 | D:7      | Found a radiant altar of Vehumet.
  6144 | D:7      | Found a glowing silver altar of Zin.
  6163 | D:7      | Reached skill level 5 in Armour
  6246 | D:6      | Acquired Yredelemnul's second power
  6430 | D:7      | Noticed Eustachio
  6473 | D:6      | Killed Eustachio
  6669 | D:7      | Reached skill level 10 in Long Blades
  6760 | D:7      | Got a polished rapier
  6770 | D:6      | Identified the +7 rapier of Honour {drain, +Rage +Fly rElec Int+7} (You found it on level 7 of the Dungeon)
  6909 | D:7      | Reached XP level 10. HP: 70/74 MP: 10/10
  7182 | D:8      | Noticed Erica
  7252 | D:8      | Reached skill level 1 in Short Blades
  7252 | D:8      | Reached skill level 1 in Dodging
  7711 | D:8      | Killed Erica
  8020 | D:9      | Found Ydaquhi's Book Shop.
  8180 | D:9      | Found an ancient bone altar of Kikubaaqudgha.
  8233 | D:9      | Reached skill level 5 in Dodging
  8768 | D:9      | Acquired Yredelemnul's third power
  8768 | D:9      | Reached XP level 11. HP: 71/81 MP: 11/11
  8813 | D:10     | Entered Level 10 of the Dungeon
  8880 | D:10     | Reached skill level 11 in Long Blades
  9342 | D:10     | Found a staircase to the Lair.
  9574 | Lair:1   | Entered Level 1 of the Lair of Beasts
 10054 | D:11     | Reached skill level 12 in Long Blades
 10205 | D:11     | Noticed a red ugly thing
 10220 | D:11     | Killed a red ugly thing
 10597 | Lair:1   | Acquired Yredelemnul's fourth power
 10935 | Lair:1   | Reached XP level 12. HP: 92/92 MP: 12/12
 11022 | Lair:1   | Learned a level 3 spell: Regeneration
 11440 | Lair:2   | Noticed a four-headed hydra
 11567 | Lair:2   | Reached skill level 13 in Long Blades
 11590 | Lair:2   | Killed a three-headed hydra
 11618 | Lair:2   | Received a gift from Yredelemnul
 11885 | Lair:2   | Received a gift from Yredelemnul
 12168 | Lair:2   | Acquired Yredelemnul's fifth power
 12220 | Lair:2   | Received a gift from Yredelemnul
 12353 | Lair:2   | Upgraded the game from 0.17-a0-1591-g7a45446 to 0.17-a0-1596-g1e86911
 12715 | Lair:3   | Reached skill level 1 in Evocations
 12721 | Lair:3   | Reached skill level 1 in Invocations
 12721 | Lair:3   | Reached XP level 13. HP: 83/98 MP: 12/14
 12733 | Lair:3   | Received a gift from Yredelemnul
 13025 | Lair:3   | Found a dark tunnel.
 13033 | Volcano  | Entered a volcano
 13897 | Lair:4   | Found a staircase to the Swamp.
 14019 | Lair:4   | Reached skill level 5 in Invocations
 14025 | Lair:4   | Received a gift from Yredelemnul
 14259 | Lair:4   | Found a staircase to the Snake Pit.
 14311 | Lair:4   | Received a gift from Yredelemnul
 14418 | Lair:4   | Reached skill level 5 in Evocations
 14719 | Lair:4   | Reached skill level 10 in Armour
 14748 | Lair:5   | Received a gift from Yredelemnul
 14775 | Lair:5   | Noticed asdu's ghost (powerful MiBe)
 14789 | Lair:5   | Killed asdu's ghost
 14789 | Lair:5   | Reached XP level 14. HP: 70/108 MP: 18/18
 14957 | Lair:5   | Received a gift from Yredelemnul
 15079 | Lair:5   | Received a gift from Yredelemnul
 15135 | Lair:5   | Got a faintly humming buckler
 15146 | Lair:5   | Identified the +1 buckler "Veskuni" {Int+9} (You found it on level 5 of the Lair of Beasts)
 15176 | Lair:5   | Reached skill level 10 in Dodging
 15624 | Lair:6   | Reached skill level 10 in Fighting
 15694 | Lair:6   | Found a frozen archway.
 15736 | IceCv    | Entered an ice cave
 16082 | Lair:6   | Found a staircase to the Slime Pits.
 16409 | Lair:7   | Received a gift from Yredelemnul
 16649 | Lair:8   | Entered Level 8 of the Lair of Beasts
 16707 | Lair:8   | Received a gift from Yredelemnul
 16863 | Lair:8   | Received a gift from Yredelemnul
 17019 | Lair:8   | Reached XP level 15. HP: 90/118 MP: 20/20
 17341 | Lair:8   | Received a gift from Yredelemnul
 18085 | D:12     | Received a gift from Yredelemnul
 18094 | D:12     | Found a roughly hewn altar of Beogh.
 18094 | D:12     | Found a staircase to the Orcish Mines.
 18444 | D:12     | Received a gift from Yredelemnul
 18759 | Orc:1    | Entered Level 1 of the Orcish Mines
 18814 | Orc:1    | Noticed Gastronok
 18819 | Orc:1    | Received a gift from Yredelemnul
 18828 | Orc:1    | Killed Gastronok
 19039 | Orc:1    | Received a gift from Yredelemnul
 19318 | Orc:2    | Noticed Snorg
 19330 | Orc:2    | Killed Snorg
 19355 | Orc:1    | Received a gift from Yredelemnul
 19967 | Orc:3    | Received a gift from Yredelemnul
 20041 | Orc:3    | Found Uduxyzic's Antique Armour Boutique.
 20313 | Orc:3    | Noticed Erolcha
 20330 | Orc:3    | Killed Erolcha
 20353 | Orc:3    | Received a gift from Yredelemnul
 20554 | Orc:3    | Received a gift from Yredelemnul
 20617 | Orc:4    | Entered Level 4 of the Orcish Mines
 20617 | Orc:4    | Found a staircase to the Elven Halls.
 20868 | Orc:4    | Found a bloodstained altar of Trog.
 20986 | Orc:4    | Found Dokuel's Magic Scroll Shop.
 20991 | Orc:4    | Received a gift from Yredelemnul
 20999 | Orc:4    | Found Hatig's General Store.
 21013 | Orc:4    | Received a gift from Yredelemnul
 21015 | Orc:4    | Found Zasat's Assorted Antiques.
 21020 | Orc:4    | Reached XP level 16. HP: 77/129 MP: 11/22
 21025 | Orc:4    | Found Dott's Antique Weapon Boutique.
 21219 | Orc:3    | Bought a glowing chain mail for 139 gold pieces
 21308 | Orc:4    | Bought an ancient dagger for 273 gold pieces
 21308 | Orc:4    | Bought a crude dagger for 273 gold pieces
 21308 | Orc:4    | Identified the +5 dagger "Quory" {pierce, Str+2 Int+4} (You bought it in a shop on level 4 of the Orcish Mines)
 21311 | Orc:4    | Identified the +6 dagger of Eternal Harmony {pierce, rF+ Int+2 Dex+4} (You bought it in a shop on level 4 of the Orcish Mines)
 21323 | Orc:4    | Bought a scroll of identify for 28 gold pieces
 21332 | Orc:4    | Bought a scroll of acquirement for 832 gold pieces
 21332 | Orc:4    | Bought a scroll of fog for 32 gold pieces
 21336 | Orc:4    | Upgraded the game from 0.17-a0-1596-g1e86911 to 0.17-a0-1625-g47e540b
 21342 | Orc:4    | Bought a potion of might for 120 gold pieces
 21902 | D:13     | Lost mutation: You can breathe flames. [potion of beneficial mutation]
 22132 | D:13     | Received a gift from Yredelemnul
 22211 | D:13     | Noticed nuthulu's ghost (mighty GrFi)
 22232 | D:13     | Killed nuthulu's ghost
 22664 | D:14     | Received a gift from Yredelemnul
 22744 | D:14     | Found a bloodstained altar of Trog.
 22922 | D:14     | Found a gate to the Vaults.
 22927 | D:14     | Received a gift from Yredelemnul
 23441 | D:15     | Entered Level 15 of the Dungeon
 23492 | D:15     | Received a gift from Yredelemnul
 23729 | D:15     | Noticed Rupert
 23742 | D:15     | Killed Rupert
 24227 | D:15     | Found a staircase to the Depths.
 24576 | Swamp:1  | Entered Level 1 of the Swamp
 24612 | Swamp:1  | You fall through a shaft!
 24621 | Swamp:2  | Received a gift from Yredelemnul
 24692 | Swamp:1  | Received a gift from Yredelemnul
 24758 | Swamp:1  | Noticed Aizul
 24769 | Swamp:1  | Killed Aizul
 24774 | Swamp:1  | Noticed a thorn hunter
 24780 | Swamp:1  | Killed a thorn hunter
 24827 | Swamp:1  | Received a gift from Yredelemnul
 24956 | Swamp:1  | Reached skill level 14 in Fighting
 25081 | Swamp:1  | Reached XP level 17. HP: 139/139 MP: 23/23
 25233 | Swamp:1  | Received a gift from Yredelemnul
 25295 | Swamp:1  | Upgraded the game from 0.17-a0-1625-g47e540b to 0.17-a0-1635-gd4e48f1
 25304 | Swamp:2  | Noticed a thorn hunter
 25311 | Swamp:2  | Killed a thorn hunter
 25453 | Swamp:2  | Noticed Jorgrun
 25458 | Swamp:2  | Killed Jorgrun
 25973 | Swamp:3  | Reached XP level 18. HP: 146/146 MP: 22/24
 26011 | Swamp:3  | Received a gift from Yredelemnul
 26046 | Swamp:3  | Got an ichor-stained ring mail
 26057 | Swamp:3  | Identified the +3 ring mail "Ellaxoas" {Int+2 Dex+3} (You found it on level 3 of the Swamp)
 26060 | Swamp:3  | Learned a level 2 spell: Blink
 26063 | Swamp:3  | Learned a level 2 spell: Repel Missiles
 26632 | Swamp:4  | Entered Level 4 of the Swamp
 26659 | Swamp:4  | Got a distressingly furry ring mail
 26670 | Swamp:4  | Identified the +4 ring mail of the Forgotten Curses {+Inv rCorr Str-4} (You found it on level 4 of the Swamp)
 26848 | Swamp:4  | Got a polished scale mail
 26859 | Swamp:4  | Identified the +10 scale mail of Midwinter {+Inv Dex+4} (You found it on level 4 of the Swamp)
 27009 | Swamp:4  | Reached skill level 1 in Translocations
 27012 | Swamp:4  | Reached skill level 1 in Spellcasting
 27013 | Swamp:4  | Received a gift from Yredelemnul
 27730 | Swamp:4  | Got a decaying rune of Zot
 27850 | Lair:4   | Learned a level 6 spell: Haste
 28056 | Snake:1  | Entered Level 1 of the Snake Pit
 28107 | Snake:1  | Received a gift from Yredelemnul
 28115 | Snake:1  | Noticed Chiseanne's ghost (powerful DsWn)
 28121 | Snake:1  | Killed Chiseanne's ghost
 28560 | Snake:2  | Noticed Kirke
 28562 | Snake:2  | Received a gift from Yredelemnul
 28569 | Snake:2  | Killed Kirke
 28759 | Snake:2  | Reached skill level 5 in Translocations
 28767 | Snake:2  | Reached skill level 1 in Charms
 28920 | Snake:2  | Received a gift from Yredelemnul
 29426 | Snake:3  | Noticed Roxanne
 29438 | Snake:3  | Reached XP level 19. HP: 135/152 MP: 25/25
 29438 | Snake:3  | Received a gift from Yredelemnul
 29466 | Snake:3  | Killed Roxanne
 29556 | Snake:3  | Noticed Asterion
 29567 | Snake:3  | Killed Asterion
 29574 | Snake:3  | Reached skill level 5 in Charms
 29580 | Snake:3  | Noticed Vashnia
 29643 | Snake:3  | Killed Vashnia
 29676 | Snake:3  | Got an ancient shield
 29677 | Snake:3  | Identified the +5 shield of Luon {Int+3} (You took it off Asterion on level 3 of the Snake Pit)
 29720 | Snake:3  | Received a gift from Yredelemnul
 29728 | Snake:3  | Got a slimy leather armour
 29729 | Snake:3  | Identified the +0 leather armour of Mairch {+Inv rElec rN++ MR-} (You found it on level 3 of the Snake Pit)
 29993 | Snake:4  | Entered Level 4 of the Snake Pit
 30042 | Snake:4  | Found a shimmering altar of Xom.
 30188 | Snake:4  | Reached XP level 20. HP: 112/159 MP: 24/26
 30525 | Snake:4  | Received a gift from Yredelemnul
 30586 | Snake:4  | Noticed Nikola
 30599 | Snake:4  | Killed Nikola
 30599 | Snake:4  | Reached skill level 10 in Charms
 30649 | Snake:3  | Reached skill level 10 in Evocations
 30697 | Snake:3  | Gained mutation: You occasionally shout uncontrollably at your foes. [mutagenic glow]
 30841 | Snake:4  | Received a gift from Yredelemnul
 31183 | Snake:4  | Got a dazzling ring mail
 31184 | Snake:4  | Identified the +2 ring mail of the Empire {rCorr} (You found it on level 4 of the Snake Pit)
 31215 | Snake:4  | Reached skill level 15 in Dodging
 31238 | Snake:4  | Got a serpentine rune of Zot
 31715 | Lair:1   | Learned a level 5 spell: Phase Shift
 31721 | Lair:1   | Learned a level 5 spell: Warp Weapon
 31914 | Elf:1    | Entered Level 1 of the Elven Halls
 31932 | Elf:1    | Received a gift from Yredelemnul
 32106 | Elf:1    | Found a portal to a secret trove of treasure.
 32229 | Elf:1    | Reached XP level 21. HP: 159/166 MP: 28/28
 32267 | Elf:1    | Identified Filur's Handbook of Companions
 32309 | Elf:1    | Found Tymar's Antique Weapon Shoppe.
 32880 | Elf:2    | Reached skill level 5 in Spellcasting
 32880 | Elf:2    | Received a gift from Yredelemnul
 33067 | Elf:2    | Received a gift from Yredelemnul
 33096 | Elf:2    | Found a runed gate.
 33101 | Elf:2    | Found a runed gate.
 33101 | Elf:2    | Found a runed gate.
 33258 | Elf:2    | Noticed Agnes
 33273 | Elf:2    | Killed Agnes
 33327 | Elf:2    | Received a gift from Yredelemnul
 33457 | Elf:3    | Entered Level 3 of the Elven Halls
 34279 | Elf:3    | Reached skill level 15 in Fighting
 34285 | Elf:3    | Reached skill level 1 in Air Magic
 34312 | Elf:3    | Received a gift from Yredelemnul
 34500 | Elf:3    | Reached skill level 15 in Armour
 34795 | Elf:3    | Got a twitching jade ring
 34865 | Elf:3    | Reached skill level 5 in Air Magic
 34865 | Elf:3    | Received a gift from Yredelemnul
 34876 | Elf:3    | Identified the ring "Apheyjas" {+Inv MR++ Str-4} (You took it off a deep elf sorcerer on level 3 of the Elven Halls)
 35555 | Lair:1   | Learned a level 6 spell: Deflect Missiles
 35578 | Lair:1   | Hired Ufaufodu the tengu for 111 gold.
 35731 | Vaults:1 | Entered Level 1 of the Vaults
 35766 | Vaults:1 | Reached XP level 22. HP: 175/175 MP: 20/31
 35841 | Vaults:1 | Received a gift from Yredelemnul
 35921 | Vaults:1 | Reached skill level 5 in Shields
 36062 | Vaults:1 | Received a gift from Yredelemnul
 36555 | Vaults:2 | Received a gift from Yredelemnul
 36743 | Vaults:2 | Received a gift from Yredelemnul
 36750 | Vaults:2 | Found a magical portal.
 36758 | WizLab   | Entered The Roulette of Golubria
 36763 | WizLab   | Found a corrupted altar of Lugonu.
 36818 | WizLab   | Noticed Duffy's ghost (mighty DrFE)
 36848 | WizLab   | Killed Duffy's ghost
 37124 | WizLab   | Found a corrupted altar of Lugonu.
 37164 | WizLab   | Found a corrupted altar of Lugonu.
 37596 | WizLab   | Got a distressingly furry cloak
 37604 | WizLab   | Got a polished cloak
 37614 | WizLab   | Got a smoking cloak
 37621 | WizLab   | Identified the +0 cloak of Weirdness {rPois} (You found it in a wizard's laboratory)
 37626 | WizLab   | Identified the cursed +0 cloak of Valiance {*Corrode rC++ rN+ SInv} (You found it in a wizard's laboratory)
 37658 | Vaults:2 | Identified the +2 cloak of Verus {-Cast +Blink rPois MP+9} (You found it in a wizard's laboratory)
 37670 | Vaults:2 | Upgraded the game from 0.17-a0-1635-gd4e48f1 to 0.17-a0-1636-g3119f2b
 37792 | Vaults:2 | Got a twisted scimitar
 37793 | Vaults:2 | Identified the +6 scimitar "Limog" {pain, SInv} (You found it on level 2 of the Vaults)
 37949 | Vaults:2 | Reached skill level 10 in Shields
 38109 | Vaults:2 | Received a gift from Yredelemnul
 38505 | Vaults:2 | Found a staircase to the Crypt.
 38900 | Vaults:1 | Received a gift from Yredelemnul
 39049 | Vaults:1 | Reached XP level 23. HP: 181/181 MP: 30/32
 39230 | Vaults:1 | Received a gift from Yredelemnul
 39637 | Vaults:2 | Learned a level 4 spell: Passage of Golubria
 39639 | Vaults:2 | Learned a level 1 spell: Apportation
 39779 | Vaults:3 | Received a gift from Yredelemnul
 40110 | Vaults:3 | Received a gift from Yredelemnul
 40467 | Vaults:3 | Noticed Sojobo
 40502 | Vaults:3 | Killed Sojobo
 41159 | Vaults:4 | Noticed Saint Roka
 41169 | Vaults:4 | Received a gift from Yredelemnul
 41181 | Vaults:4 | Killed Saint Roka
 41288 | Vaults:4 | Received a gift from Yredelemnul
 41432 | Vaults:4 | Noticed Wiglaf
 41449 | Vaults:4 | Killed Wiglaf
 41595 | Vaults:4 | Noticed Donald
 41607 | Vaults:4 | Killed Donald
 41821 | Vaults:4 | Received a gift from Yredelemnul
 41985 | Vaults:4 | Paralysed by a hornet for 4 turns
 42091 | Vaults:4 | Reached skill level 15 in Shields
 42125 | Vaults:4 | Received a gift from Yredelemnul
 42622 | Slime:1  | Entered Level 1 of the Pits of Slime
 42941 | Slime:4  | Reached XP level 24. HP: 164/188 MP: 23/32
 43690 | Slime:5  | Reached skill level 1 in Necromancy
 43760 | Slime:5  | Received a gift from Yredelemnul
 43946 | Slime:6  | Entered Level 6 of the Pits of Slime
 44320 | Slime:6  | Noticed the royal jelly
 44341 | Slime:6  | Killed the royal jelly
 44341 | Slime:6  | Reached skill level 10 in Translocations
 44342 | Slime:6  | Received a gift from Yredelemnul
 44518 | Slime:6  | Identified the Reference Book on Lucky Feathers (You found it on level 6 of the Pits of Slime)
 44518 | Slime:6  | Got a slimy rune of Zot
 44611 | Slime:6  | Got a twisted ring mail
 44631 | Slime:6  | Got an ancient ring mail
 44632 | Slime:6  | Identified the cursed +0 ring mail of the Barber Surgeon {rElec rPois MR+} (You found it on level 6 of the Pits of Slime)
 44633 | Slime:6  | Identified the +3 ring mail of Least Resistance {rPois Str-3 Int+2} (You found it on level 6 of the Pits of Slime)
 44636 | Slime:6  | Got a pair of encrusted boots
 44648 | Slime:6  | Identified the cursed +0 pair of boots of Coronation {+Fly MR- Int+7} (You found it on level 6 of the Pits of Slime)
 44906 | Lair:1   | Learned a level 5 spell: Silence
 45086 | Depths:1 | Entered Level 1 of the Depths
 45104 | Depths:1 | Found a gateway to a ziggurat.
 45186 | Depths:1 | Reached skill level 1 in Hexes
 45517 | Depths:3 | Received a gift from Yredelemnul
 45642 | Depths:4 | Found a one-way gate leading to the halls of Pandemonium.
 45814 | Depths:2 | Found Afootoib's Antique Weapon Shop.
 45918 | Depths:4 | Reached skill level 5 in Hexes
 45954 | Depths:5 | Entered Level 5 of the Depths
 45995 | Depths:5 | Received a gift from Yredelemnul
 46004 | Depths:5 | Found a gate to the Realm of Zot.
 46047 | Zot:1    | Entered Level 1 of the Realm of Zot
 46182 | Zot:1    | Received a gift from Yredelemnul
 46209 | Zot:1    | Reached XP level 25. HP: 149/195 MP: 23/35
 46649 | Zot:5    | Entered Level 5 of the Realm of Zot
 46780 | Zot:5    | Received a gift from Yredelemnul
 46791 | Zot:5    | Reached skill level 16 in Fighting
 46943 | Zot:5    | Noticed an ancient lich
 46968 | Zot:5    | Killed an ancient lich
 46991 | Zot:5    | Noticed an ancient lich
 47024 | Zot:5    | Reached skill level 15 in Long Blades
 47034 | Zot:4    | Killed an ancient lich
 47156 | Zot:5    | Noticed an ancient lich
 47175 | Zot:5    | Killed an ancient lich
 47178 | Zot:5    | Noticed an ancient lich
 47180 | Zot:5    | Noticed an orb of fire
 47195 | Zot:5    | Gained mutation: You are frail (-10% HP). [an orb of fire]
 47209 | Zot:5    | Killed an orb of fire
 47222 | Zot:5    | Killed an ancient lich
 47278 | Zot:5    | Received a gift from Yredelemnul
 47460 | Zot:5    | Noticed an ancient lich
 47487 | Zot:5    | Killed an ancient lich
 47537 | Zot:5    | Reached XP level 26. HP: 164/183 MP: 13/36
 47547 | Zot:5    | Noticed an ancient lich
 47584 | Zot:5    | Killed an ancient lich
 47697 | Zot:5    | Noticed an orb of fire
 47700 | Zot:5    | Gained mutation: You are resistant to hostile enchantments. [an orb of fire]
 47704 | Zot:5    | Noticed an orb of fire
 47712 | Zot:5    | Killed an orb of fire
 47723 | Zot:5    | Killed an orb of fire
 47941 | Zot:5    | Got a transparent leather armour
 47942 | Zot:5    | Identified the +1 leather armour "Pusch" {Dex+2} (You found it on level 5 of the Realm of Zot)
 47959 | Zot:5    | Noticed an ancient lich
 47979 | Zot:5    | Killed an ancient lich
 48049 | Zot:5    | Got the Orb of Zot
 48094 | Zot:5    | Noticed an orb of fire
 48094 | Zot:5    | Gained mutation: You are clumsy. (Dex -2) [an orb of fire]
 48691 | D:$      | Escaped with the Orb!

Vault maps used:
D:1:      wheals_arrival_linesprint, hex_intersection
D:2:      nicolae_gozag_seed_capital, grunt_qazlal_sundering
D:3:      hangedman_decor_slide_cut, nicolae_ru_sacrificial_ziggurat
D:4:      kennysheep_mini_moat, uniq_sigmund
D:5:      minmay_temple_entry_enclosed_plants, first_bread, wad_floor_pattern_2
D:6:      lightli_ossuary_entry_decrepit_ruins, basic_altar
D:7:      gammafunk_temple_overflow_elements, grunt_ogre_cave,
          nrook_mini_backslash, sword_in_stone
D:8:      uniq_erica
D:9:      nicolae_overflow_crystal_walls, serial_shops, nicolae_shop_crystal,
          kennysheep_generic_room_5
D:10:     david_lair_shrubbed
D:12:     david_orc_5, bh_chokoban
D:14:     erik_vaults_2, serial_bayou, serial_bayou_shore_b,
          serial_bayou_crossing, serial_bayou_pond_b, serial_bayou_pond_c,
          serial_bayou_pond_e, serial_bayou_shore_b, basic_altar,
          kennysheep_nondescript
D:15:     gammafunk_enter_depths_forms, fountainhead, lemuel_flamethrower_1,
          uniq_rupert
Temple:   zaba_magenta_temple_12
Lair:2:   lemuel_reptile_caves, st_stairs_9, guppyfry_lair_drakes
Lair:3:   cheibrodos_magma_flow, enter_volcano_4, beast_lair_carwin_8
Lair:4:   swamp_mist_pool, dummy_snake_entry, minivault_29
Lair:5:   beast_lair_carwin_large_4, serial_bayou_shore_b
Lair:6:   minmay_slime_entry_oklob_open,
          portal_ice_cave_entry_animals_and_master, infiniplex_staircase_pool_2
Lair:8:   evilmike_catoblepas_cave, serial_bayou_pond_e, grunt_megastairs_3,
          lemuel_fruit_tree
Swamp:1:  evilmike_swamp_ruin_house_1, swamp_pool4,
          nicolae_swamp_alligator_family, uniq_aizul
Swamp:2:  evilmike_swamp_ruin_house_5, uniq_jorgrun
Swamp:3:  evilmike_swamp_ruin_house_3
Swamp:4:  swamp_icy, nicolae_swamp_dense_foliage
Snake:1:  nrook_loot_triangle, nicolae_snake_single_loop
Snake:2:  nicolae_snake_round_shape_thing, uniq_kirke
Snake:3:  serial_bayou_pond_c, uniq_vashnia, uniq_roxanne, uniq_asterion
Snake:4:  snake_pit, basic_altar, uniq_nikola
Slime:3:  uniq_dissolution
Slime:4:  nicolae_slime_phagocytosis
Orc:1:    uniq_gastronok
Orc:2:    uniq_snorg
Orc:3:    lemuel_ogre_cave, serial_shops,
          nicolae_shop_competitors_out_of_business, nicolae_orc_pool_cavern,
          lightli_orcish_oven
Orc:4:    st_orc_open, basic_altar
Elf:1:    eino_elf_arrival_customs, serial_shops, shop, trove_entry_hex_spiral,
          minmay_elf_demonology
Elf:2:    uniq_agnes
Elf:3:    grunt_elf_hall_branching, st_stairs_5
Vaults:1: v_alt_pattern_3, st_eye, vaults_dpeg_ring, ontoclasm_vaults_chip,
          nicolae_vaults_gold_heap, vaults_room_pool, v_pattern_2, v_misc_5,
          vaults_room_ringed_pool, ontoclasm_vaults_loading_screen,
          grunt_vaults_funnel, nicolae_vaults_little_squares_5,
          ontoclasm_vaults_idyll
Vaults:2: minmay_crypt_entry_simple_statues, hangedman_vaults_hat,
          vaults_room_door_ring, nicolae_vaults_circle_grid_b,
          ontoclasm_vaults_ring_large, hangedman_vaults_stitches,
          nicolae_vaults_shelves_hall, v_misc_33, ontoclasm_vaults_shuriken,
          grunt_vaults_hallway_long, nicolae_vaults_display_case,
          vaults_room_stairs_pillars, v_alt_pattern_4, mu_enter_wizlab_1
Vaults:3: v_pattern_4, dpeg_vaults_waves, v_misc_2, v_rooms_4, v_rooms_3,
          ontoclasm_vaults_eye, dpeg_vaults_monster_box,
          nicolae_vaults_rhombus_5, nicolae_vaults_rhombus_5,
          grunt_vaults_hallway_short, uniq_sojobo
Vaults:4: hangedman_vaults_restitches, v_rooms_6, v_misc_4,
          ontoclasm_vaults_loading_screen, ontoclasm_vaults_ring_large,
          v_misc_14, nicolae_vaults_little_squares_1, v_rooms_2,
          nicolae_vaults_twisting_passages, v_misc_11, vaults_room_glass_cross,
          nicolae_vaults_little_squares_3, nicolae_vaults_theta, v_misc_19,
          uniq_donald, uniq_saint_roka, uniq_wiglaf
Depths:1: enter_ziggurat_c, abyss_entry, minmay_misc_feat_more_columns,
          grunt_mini_vestibule, st_stairs_14, hangedman_abyss_or_decor_stabs,
          minivault_16, grunt_decor_cap, minmay_crystal_box
Depths:2: kennysheep_treasure_stockpile, minmay_misc_feat_x, hell_entry,
          serial_shops, shop, nicolae_shop_stone, shop
Depths:3: wad_mega_maze, minmay_misc_feat_diagonals, grunt_hell_entry_dis_mu,
          pan_entry, infiniplex_staircase_x
Depths:4: grunt_twist_and_shout, hangedman_abyss_entry_splay, hell_entry,
          rand_demon_pan_entry_7, minmay_misc_feat_hallway
Depths:5: evilmike_zot_entry_argh, pf_vacation_house_of_asmodeus
Zot:1:    lemuel_draconian_sentries_small
Zot:3:    evilmike_crystal_ball_defense
Ossuary:  ossuary_tomb_2
IceCv:    ice_cave_statue_garden_01
Volcano:  volcano_pools
WizLab:   wizlab_golubria

Action                   |  1- 3 |  4- 6 |  7- 9 | 10-12 | 13-15 | 16-18 | 19-21 | 22-24 | 25-27 || total
-------------------------+-------+-------+-------+-------+-------+-------+-------+-------+-------++-------
Melee: Long sword        |   107 |   208 |   469 |       |       |       |       |       |       ||   784
       Dagger            |       |       |    14 |       |       |       |       |       |       ||    14
       Rapier            |       |       |    10 |   138 |    16 |    26 |    19 |    10 |    31 ||   250
       Demon blade       |       |       |       |   395 |   905 |   556 |   665 |  1970 |   363 ||  4854
       Scimitar          |       |       |       |     1 |    31 |    12 |       |       |       ||    44
       Double sword      |       |       |       |       |       |       |       |    16 |   115 ||   131
 Fire: Hunting sling     |    19 |    55 |    77 |    23 |       |       |       |       |       ||   174
Throw: Tomahawk          |     8 |     5 |     5 |    25 |     5 |       |       |       |       ||    48
       Stone             |       |       |       |     5 |       |       |       |       |       ||     5
       Javelin           |       |       |       |       |     7 |     7 |     4 |     6 |    24 ||    48
 Cast: Repel Missiles    |       |       |       |       |       |     3 |     8 |       |       ||    11
       Regeneration      |       |       |       |       |       |       |    42 |    27 |    16 ||    85
       Blink             |       |       |       |       |       |       |     1 |     2 |     1 ||     4
       Phase Shift       |       |       |       |       |       |       |     8 |    66 |    23 ||    97
       Haste             |       |       |       |       |       |       |     4 |    21 |     8 ||    33
       Deflect Missiles  |       |       |       |       |       |       |     1 |    13 |     6 ||    20
       Warp Weapon       |       |       |       |       |       |       |     1 |       |       ||     1
       Apportation       |       |       |       |       |       |       |       |    32 |     2 ||    34
       Silence           |       |       |       |       |       |       |       |       |     7 ||     7
Invok: Animate Remains   |       |       |    13 |    12 |       |       |       |       |       ||    25
       Injury Mirror     |       |       |       |     1 |     1 |       |       |       |       ||     2
       Animate Dead      |       |       |       |    24 |    60 |    53 |    37 |    59 |    14 ||   247
       Recall Undead Sla |       |       |       |     1 |     5 |    13 |    18 |    20 |     7 ||    64
       Drain Life        |       |       |       |       |     2 |       |     3 |       |       ||     5
       Stop Recall       |       |       |       |       |       |     4 |       |     3 |     2 ||     9
 Abil: Breathe Fire      |       |       |    19 |    42 |    38 |       |       |       |       ||    99
       Evoke Berserk Rag |       |       |       |     2 |       |       |       |       |       ||     2
       Evoke Flight      |       |       |       |       |     4 |     3 |       |     1 |       ||     8
Evoke: Wand              |       |       |       |     3 |    17 |     2 |    10 |    16 |     5 ||    53
       Deck              |       |       |       |       |       |       |     1 |       |       ||     1
       Phial of floods   |       |       |       |       |       |       |       |     5 |     2 ||     7
       Phantom mirror    |       |       |       |       |       |       |       |     2 |     1 ||     3
       Lamp of fire      |       |       |       |       |       |       |       |       |     2 ||     2
  Use: Scroll            |       |    13 |     5 |    14 |     8 |    12 |    13 |    16 |    10 ||    91
       Potion            |       |       |     3 |     2 |     3 |     3 |    10 |     6 |     2 ||    29
 Stab: Distracted        |       |       |     2 |     2 |    17 |    19 |    14 |    15 |    11 ||    80
       Invisible         |       |       |       |       |    11 |       |    11 |       |     3 ||    25
       Confused          |       |       |       |       |     3 |       |       |       |       ||     3
       Petrified         |       |       |       |       |     1 |       |       |       |       ||     1
       Paralysed         |       |       |       |       |       |       |       |     5 |     2 ||     7
  Eat: Chunk             |     1 |     7 |     8 |    20 |    17 |    10 |     9 |     9 |       ||    81
       Royal jelly       |       |       |     2 |     1 |     2 |       |       |     8 |       ||    13
       Bread ration      |       |       |     1 |     1 |     1 |       |     2 |     5 |     6 ||    16
       Pizza             |       |       |       |     2 |       |     1 |       |     2 |       ||     5
       Meat ration       |       |       |       |     1 |     3 |     5 |     3 |     9 |       ||    21
       Beef jerky        |       |       |       |     1 |       |     1 |     2 |     1 |       ||     5
       Fruit             |       |       |       |       |     2 |       |       |     1 |     1 ||     4
